 Dungeon Crawl Stone Soup version 0.32-a0-18-g89e19f1974 (webtiles) character file.

Game seed: 3374679905577984183

731 CraigForest the Ruffian (level 7, -1/48 HPs)
             Began as a Vampire Shapeshifter on Jan 13, 2024.
             Was an Initiate of Hepliaklqana.
             Slain by an orc warrior
             ... wielding a +0 scimitar
              (15 damage)
             ... on level 6 of the Dungeon on Jan 17, 2024.
             The game lasted 00:19:18 (3726 turns).

CraigForest the Ruffian (Vampire Shapeshifter)      Turns: 3726, Time: 00:19:18

Health: -1/48      AC: -2    Str: 15    XL:     7   Next: 45%
Magic:  7/7        EV: 16    Int: 12    God:    Hepliaklqana [......]
Gold:   203        SH:  0    Dex: 14    Spells: 6/6 levels left

rFire   . .          .
                       - Unarmed
rCold   . . .        (no shield)
rNeg    . . .        e - +0 ring mail
rPois   .            (helmet currently unavailable)
rElec   .            (cloak currently unavailable)
rCorr   .            (gloves currently unavailable)
SInv    +            (boots currently unavailable)
Will    .....        (no amulet)
Stlth   +            i - +5 ring of evasion
HPRegen 0.48/turn    (no ring)
MPRegen 0.10/turn

%: no passive effects
@: beast-form, corroded, healing quickly
A: beast (slay +3), alive, fangs 3, see invisible, vampiric 2
a: Exsanguinate, Begin Untransformation, Renounce Religion


You were on level 6 of the Dungeon.
You worshipped Hepliaklqana.
Hepliaklqana was noncommittal.
You were a hulking beast.
You visited 2 branches of the dungeon, and saw 7 of its levels.

You collected 203 gold pieces.

Inventory:

Hand Weapons
 o - a +1 dagger of venom
 w - a +4 quarterstaff of chaos
Missiles
 r - 8 javelins (quivered)
 v - 5 darts of dispersal
Armour
 a - a +0 animal skin
 e - a +0 ring mail (worn)
 h - a +0 plate armour
 q - a +1 helmet
 x - a +2 cloak of preservation
 G - a +2 robe of willpower
Jewellery
 i - a +5 ring of evasion (left hand)
Talismans
 c - a beast talisman (active)
 d - a flux talisman
 t - a dragon-blood talisman
Wands
 C - a wand of flame (23)
 F - a wand of roots (9)
Scrolls
 f - 2 scrolls of teleportation
 g - 2 scrolls of identify
 j - a scroll of enchant armour
 l - a scroll of fear {unknown}
 m - a scroll of noise
 n - a scroll of poison {unknown}
 p - a scroll of blinking {unknown}
 s - a scroll of immolation {unknown}
 u - a scroll of vulnerability {unknown}
 y - 3 scrolls of acquirement {unknown}
 z - a scroll of fog {unknown}
Potions
 b - 2 potions of lignification
 k - 4 potions of curing
 A - 2 potions of berserk rage
 B - a potion of heal wounds
 D - a potion of might
 E - a potion of ambrosia


   Skills:
 - Level 1.0 Fighting
 + Level 2.4 Armour
 + Level 3.3 Dodging
 + Level 1.2 Stealth
 + Level 7.0 Unarmed Combat
 * Level 5.3 Shapeshifting


You had 6 spell levels left.
You didn't know any spells.
Your spell library contained the following spells:

 Spells                   Type           Power      Damage    Failure   Level
 Apportation              Tloc           0%         N/A       54%         1
 Magic Dart               Conj           0%         1d3       54%         1
 Jinxbite                 Hex            0%         N/A       67%         2
 Searing Ray              Conj           0%         2d4       67%         2
 Fulminant Prism          Conj/Alch      0%         3d5       99%         4
 Alistair's Intoxication  Alch           0%         N/A       100%        5


Dungeon Overview and Level Annotations

Branches:
Dungeon (6/15)             Temple (1/1) D:5

Altars:
Ashenzari
Cheibriados
Dithmenos
Fedhas
Gozag
Hepliaklqana
Kikubaaqudgha
Nemelex Xobeh
Okawaru
Qazlal
Ru
Sif Muna
Trog
Uskayaw
Wu Jian
Xom
Yredelemnul

Shops:
D:2 [


Innate Abilities, Weirdness & Mutations

You are a hulking beast.
Your limbs bulge with bestial killing power. (Slay +3)
Your natural rate of healing is accelerated.
You have razor-sharp teeth.
You have supernaturally acute eyesight. (SInv)
You are afflicted with vampirism and can become a bat while bloodless.


Message History

The jelly quivers.
An orc comes into view. It is wielding a +0 club.
The orc shouts!
The orc wizard hits you but does no damage.
You feel drained.
You punch the orc wizard!
The orc wizard is heavily wounded.
You completely miss the orc wizard.
The orc wizard is heavily wounded.
The orc wizard completely misses you.
You barely miss the orc wizard.
The orc wizard is heavily wounded.
The orc warrior closely misses you.
An ice beast comes into view.
The orc wizard closely misses you.
You punch the orc wizard!
You kill the orc wizard!
The orc warrior misses you. The orc hits you but does no damage.
Your life force feels restored.
You barely miss the jelly. The orc warrior closely misses you.
The orc hits you with a +0 club. The jelly closely misses you.
You hit the jelly but do no damage.
Your hands burn!
You bite the jelly.
The jelly is lightly wounded.
The orc warrior closely misses you. The orc closely misses you.
The orc hits you with a +0 club.
The jelly jiggles.
The jelly completely misses you.
You punch the jelly! The acid corrodes you!
Your hands burn!
You bite the jelly.
The jelly is severely wounded.
The orc warrior hits you with a +0 scimitar.
The orc hits you with a +0 club. x2; The jelly completely misses you.
The orc warrior attacks as it pursues you!
The orc warrior barely misses you. The jelly hits you. The acid corrodes you!
You are splashed with acid!
* * * LOW HITPOINT WARNING * * *
There is a stone staircase leading up here.
The orc closely misses you.
The orc warrior hits you with a +0 scimitar!
You die...

#.........
.........#
.........
#.......
+...... ##.....
#...#.#++
+..h#...# .
#..ooo###....
+.....Y.?....
#.....)......
...............
#.####.....####
... #..$..# ##
#.....# #.....#


You could see an orc warrior, an ice beast and 2 orcs.

Vanquished Creatures
  A black bear (D:4)
  An ogre (D:2)
  A vampire bat (D:3)
  A bombardier beetle (D:5)
  Crazy Yiuf (D:2)
  A hound (D:5)
  3 jellies
  2 iguanas (D:5)
  2 orc wizards
  7 adders
  3 dart slugs
  3 fire bats (D:3)
  9 orcs
  2 spectral bats (D:3)
  16 bats
  3 bat skeletons (D:3)
  A bat zombie (D:3)
  4 endoplasms
  3 giant cockroaches
  10 goblins
  4 hobgoblins
  8 jackals
  2 quokkas
  3 ball pythons
  A bat simulacrum (D:3)
  4 frilled lizards
  8 kobolds
  2 rats
106 creatures vanquished.

Notes
Turn   | Place    | Note
-------+----------+-------------------------------------------
     0 | D:1      | CraigForest the Vampire Shapeshifter began the quest for
                  | the Orb.
     0 | D:1      | Reached XP level 1. HP: 14/14 MP: 1/1
   156 | D:1      | Reached XP level 2. HP: 20/20 MP: 2/2
   484 | D:1      | Gained mutation: You are afflicted with vampirism and can
                  | become a bat while bloodless. [Vampire growth]
   484 | D:1      | Reached XP level 3. HP: 25/25 MP: 3/3
   530 | D:2      | Found Ewihefuno's Armour Boutique.
   550 | D:2      | Reached skill level 4 in Unarmed Combat
   554 | D:2      | Upgraded the game from 0.31-a0-1626-g5cb510d322 to
                  | 0.32-a0-18-g89e19f1974
   732 | D:2      | Identified the +1 ring mail of Complete Protection {rElec
                  | rC+ Slay-5 Stlth+}
   938 | D:2      | Found a runed translucent door.
   939 | D:2      | Noticed Crazy Yiuf
  1020 | D:2      | Noticed an ogre
  1026 | D:2      | Killed an ogre
  1027 | D:2      | Reached skill level 1 in Armour
  1027 | D:2      | Reached skill level 5 in Unarmed Combat
  1027 | D:2      | Reached XP level 4. HP: 31/31 MP: 4/4
  1027 | D:2      | Reached XP level 5. HP: 36/36 MP: 5/5
  1275 | D:2      | Killed Crazy Yiuf
  1542 | D:3      | Found a sparkling altar of Nemelex Xobeh.
  1822 | D:3      | Reached XP level 6. HP: 33/42 MP: 6/6
  1829 | D:3      | Reached skill level 1 in Fighting
  1873 | D:3      | Reached skill level 6 in Unarmed Combat
  2295 | D:4      | Found a shimmering blue altar of Sif Muna.
  2301 | D:4      | Found a sacrificial altar of Ru.
  2303 | D:4      | Found a shimmering altar of Xom.
  2306 | D:4      | Found a broken altar of Ashenzari.
  3007 | D:5      | Entered Level 5 of the Dungeon
  3031 | D:5      | Reached skill level 1 in Stealth
  3067 | D:5      | Found a staircase to the Ecumenical Temple.
  3075 | Temple   | Entered the Ecumenical Temple
  3177 | Temple   | Became a worshipper of Hepliaklqana the Forgotten
  3262 | D:5      | Reached XP level 7. HP: 20/48 MP: 7/7
  3372 | D:5      | Reached skill level 5 in Shapeshifting
  3613 | D:5      | Reached skill level 7 in Unarmed Combat
  3726 | D:6      | Slain by an orc warrior

Illustrated notes

Levels and vault maps discovered:
D:1:      heliophobic_arrival_ceremonial_halls, layout_rooms, serial_park_tiny_1
D:2:      layout_rooms, serial_shops, shop, minmay_randomly_rotated_circles,
          uniq_crazy_yiuf_cottage
D:3:      layout_basic, mainiacjoe_overflow_alcove_2, serial_curves,
          eino_curves_01, eino_curves_04, minmay_door_square, goddamned_bats
D:4:      layout_loops_cross, nicolae_overflow_macrodata_refinement
D:5:      layout_basic, minmay_temple_entry_drinking_statues
D:6:      layout_basic, gammafunk_ghost_nasty_kobolds
Temple:   oiseaux_autumnal_temple

Skill      XL: |  1  2  3  4  5  6  7 |
---------------+----------------------+-----
Unarmed Combat | 5 6 7 |  7.0
Armour         | 1 2 |  2.4
Shapeshifting  | 4 5 |  5.3
Fighting       | 1 |  1.0
Dodging        | 3 |  3.3
Stealth        | 1 |  1.2

Action                     |  1- 3 |  4- 6 |  7- 9 || total
---------------------------+-------+-------+-------++-------
  Melee: Unarmed           |    98 |   121 |    57 ||   276
         Bite              |     8 |    14 |     9 ||    31
         Punch             |     1 |     4 |     2 ||     7
  Throw: Javelin           |     2 |     2 |       ||     4
    Use: Scroll            |     2 |     6 |       ||     8
   Stab: Sleeping          |       |       |     1 ||     1
 Armour: Ring mail         |    36 |    59 |    23 ||   118
         Plate armour      |    31 |       |       ||    31
  Dodge: Dodged            |    71 |   144 |    41 ||   256
   Form: Beast             |     1 |       |       ||     1

Table legend: (Time is in decaauts)
 A = Elapsed time spent in this place.
 B = Non-inter-level travel time spent in this place.
 C = Inter-level travel time spent in this place.
 D = Time resting spent in this place.
 E = Time spent auto-exploring this place.
 F = Levels seen in this place.
 G = Mean time per level.
                   A        B        C        D        E       F      G
               +--------+--------+--------+--------+--------+-----+--------+
         Total |   3684 |   3558 |    126 |    100 |   2384 |   7 |  526.3 |
       Dungeon |   3550 |   3455 |     95 |    100 |   2384 |   6 |  591.7 |
        Temple |    133 |    102 |     31 |      0 |      0 |   1 |  133.0 |
               +--------+--------+--------+--------+--------+-----+--------+

Top non-repeatable levels by time:
     D:3: 935 daAuts
     D:2: 777 daAuts
     D:4: 733 daAuts
     D:5: 566 daAuts
     D:1: 526 daAuts
  Temple: 133 daAuts
     D:6: 10 daAuts
